Workbook

Sheet 予実比較
A2: 月次の予算・実績比較 | J2: 月の前提 | K2: 集計の前提
A3: 対象月 | B3: =月次入力!B3 -> 46296 | F3: 金額単位 | G3: 円 | H3: 入力不備（件） | I3: =K3 -> 0 | J3: =IF(AND(ISNUMBER(月次入力!B3),月次入力!B3>=43831,月次入力!B3<=73020,月次入力!B3=INT(月次入力!B3),DAY(月次入力!B3)=1),0,1) -> 0 | K3: =J3+SUM(月次入力!G8:G57)+IF(COUNTA(月次入力!A8:E57)=0,1,0) -> 0
A4: 区分 | D4: 予算（円） | E4: 実績（円） | F4: 差額（円） | H4: 有利・不利差額（円）
A5: 収益 | D5: =IF($K$3=0,SUMIFS(月次入力!D8:D57,月次入力!C8:C57,A5),NA()) -> 1000000 | E5: =IF($K$3=0,SUMIFS(月次入力!E8:E57,月次入力!C8:C57,A5),NA()) -> 1120000 | F5: =E5-D5 -> 120000 | H5: =F5 -> 120000
A6: 費用 | D6: =IF($K$3=0,SUMIFS(月次入力!D8:D57,月次入力!C8:C57,A6),NA()) -> 870000 | E6: =IF($K$3=0,SUMIFS(月次入力!E8:E57,月次入力!C8:C57,A6),NA()) -> 865000 | F6: =E6-D6 -> -5000 | H6: =-F6 -> 5000
A7: 収益−費用 | D7: =D5-D6 -> 130000 | E7: =E5-E6 -> 255000 | F7: =E7-D7 -> 125000
A8: 差額＝実績−予算。費用の有利・不利差額は符号を逆にします。
A10: 科目ID | B10: 科目 | C10: 区分 | D10: 予算（円） | E10: 実績（円） | F10: 差額（円） | G10: 差異率 | H10: 有利・不利差額（円） | I10: 評価
A11: =IF(COUNTA(月次入力!A8:E8)>0,月次入力!A8,"") -> BUD-0001 | B11: =IF(COUNTA(月次入力!A8:E8)>0,CLEAN(月次入力!B8),"") -> 売上高 | C11: =IF(COUNTA(月次入力!A8:E8)>0,月次入力!C8,"") -> 収益 | D11: =IF(COUNTA(月次入力!A8:E8)>0,IF($K$3=0,月次入力!D8,NA()),"") -> 1000000 | E11: =IF(COUNTA(月次入力!A8:E8)>0,IF($K$3=0,月次入力!E8,NA()),"") -> 1100000 | F11: =IF(COUNTA(月次入力!A8:E8)>0,E11-D11,"") -> 100000 | G11: =IF(COUNTA(月次入力!A8:E8)>0,IF($K$3<>0,NA(),IF(D11=0,"対象外",F11/D11)),"") -> 0.1 | H11: =IF(COUNTA(月次入力!A8:E8)>0,IF($K$3<>0,NA(),IF(C11="収益",F11,-F11)),"") -> 100000 | I11: =IF(COUNTA(月次入力!A8:E8)>0,IF(H11>0,"有利",IF(H11<0,"不利","一致")),"") -> 有利
A12: =IF(COUNTA(月次入力!A9:E9)>0,月次入力!A9,"") -> BUD-0002 | B12: =IF(COUNTA(月次入力!A9:E9)>0,CLEAN(月次入力!B9),"") -> その他収益 | C12: =IF(COUNTA(月次入力!A9:E9)>0,月次入力!C9,"") -> 収益 | D12: =IF(COUNTA(月次入力!A9:E9)>0,IF($K$3=0,月次入力!D9,NA()),"") -> 0 | E12: =IF(COUNTA(月次入力!A9:E9)>0,IF($K$3=0,月次入力!E9,NA()),"") -> 20000 | F12: =IF(COUNTA(月次入力!A9:E9)>0,E12-D12,"") -> 20000 | G12: =IF(COUNTA(月次入力!A9:E9)>0,IF($K$3<>0,NA(),IF(D12=0,"対象外",F12/D12)),"") -> 対象外 | H12: =IF(COUNTA(月次入力!A9:E9)>0,IF($K$3<>0,NA(),IF(C12="収益",F12,-F12)),"") -> 20000 | I12: =IF(COUNTA(月次入力!A9:E9)>0,IF(H12>0,"有利",IF(H12<0,"不利","一致")),"") -> 有利
A13: =IF(COUNTA(月次入力!A10:E10)>0,月次入力!A10,"") -> BUD-0003 | B13: =IF(COUNTA(月次入力!A10:E10)>0,CLEAN(月次入力!B10),"") -> 人件費 | C13: =IF(COUNTA(月次入力!A10:E10)>0,月次入力!C10,"") -> 費用 | D13: =IF(COUNTA(月次入力!A10:E10)>0,IF($K$3=0,月次入力!D10,NA()),"") -> 600000 | E13: =IF(COUNTA(月次入力!A10:E10)>0,IF($K$3=0,月次入力!E10,NA()),"") -> 610000 | F13: =IF(COUNTA(月次入力!A10:E10)>0,E13-D13,"") -> 10000 | G13: =IF(COUNTA(月次入力!A10:E10)>0,IF($K$3<>0,NA(),IF(D13=0,"対象外",F13/D13)),"") -> 0.016666667 | H13: =IF(COUNTA(月次入力!A10:E10)>0,IF($K$3<>0,NA(),IF(C13="収益",F13,-F13)),"") -> -10000 | I13: =IF(COUNTA(月次入力!A10:E10)>0,IF(H13>0,"有利",IF(H13<0,"不利","一致")),"") -> 不利
A14: =IF(COUNTA(月次入力!A11:E11)>0,月次入力!A11,"") -> BUD-0004 | B14: =IF(COUNTA(月次入力!A11:E11)>0,CLEAN(月次入力!B11),"") -> 地代家賃 | C14: =IF(COUNTA(月次入力!A11:E11)>0,月次入力!C11,"") -> 費用 | D14: =IF(COUNTA(月次入力!A11:E11)>0,IF($K$3=0,月次入力!D11,NA()),"") -> 150000 | E14: =IF(COUNTA(月次入力!A11:E11)>0,IF($K$3=0,月次入力!E11,NA()),"") -> 150000 | F14: =IF(COUNTA(月次入力!A11:E11)>0,E14-D14,"") -> 0 | G14: =IF(COUNTA(月次入力!A11:E11)>0,IF($K$3<>0,NA(),IF(D14=0,"対象外",F14/D14)),"") -> 0 | H14: =IF(COUNTA(月次入力!A11:E11)>0,IF($K$3<>0,NA(),IF(C14="収益",F14,-F14)),"") -> 0 | I14: =IF(COUNTA(月次入力!A11:E11)>0,IF(H14>0,"有利",IF(H14<0,"不利","一致")),"") -> 一致
A15: =IF(COUNTA(月次入力!A12:E12)>0,月次入力!A12,"") -> BUD-0005 | B15: =IF(COUNTA(月次入力!A12:E12)>0,CLEAN(月次入力!B12),"") -> 広告宣伝費 | C15: =IF(COUNTA(月次入力!A12:E12)>0,月次入力!C12,"") -> 費用 | D15: =IF(COUNTA(月次入力!A12:E12)>0,IF($K$3=0,月次入力!D12,NA()),"") -> 100000 | E15: =IF(COUNTA(月次入力!A12:E12)>0,IF($K$3=0,月次入力!E12,NA()),"") -> 80000 | F15: =IF(COUNTA(月次入力!A12:E12)>0,E15-D15,"") -> -20000 | G15: =IF(COUNTA(月次入力!A12:E12)>0,IF($K$3<>0,NA(),IF(D15=0,"対象外",F15/D15)),"") -> -0.2 | H15: =IF(COUNTA(月次入力!A12:E12)>0,IF($K$3<>0,NA(),IF(C15="収益",F15,-F15)),"") -> 20000 | I15: =IF(COUNTA(月次入力!A12:E12)>0,IF(H15>0,"有利",IF(H15<0,"不利","一致")),"") -> 有利
A16: =IF(COUNTA(月次入力!A13:E13)>0,月次入力!A13,"") -> BUD-0006 | B16: =IF(COUNTA(月次入力!A13:E13)>0,CLEAN(月次入力!B13),"") -> 通信費 | C16: =IF(COUNTA(月次入力!A13:E13)>0,月次入力!C13,"") -> 費用 | D16: =IF(COUNTA(月次入力!A13:E13)>0,IF($K$3=0,月次入力!D13,NA()),"") -> 20000 | E16: =IF(COUNTA(月次入力!A13:E13)>0,IF($K$3=0,月次入力!E13,NA()),"") -> 25000 | F16: =IF(COUNTA(月次入力!A13:E13)>0,E16-D16,"") -> 5000 | G16: =IF(COUNTA(月次入力!A13:E13)>0,IF($K$3<>0,NA(),IF(D16=0,"対象外",F16/D16)),"") -> 0.25 | H16: =IF(COUNTA(月次入力!A13:E13)>0,IF($K$3<>0,NA(),IF(C16="収益",F16,-F16)),"") -> -5000 | I16: =IF(COUNTA(月次入力!A13:E13)>0,IF(H16>0,"有利",IF(H16<0,"不利","一致")),"") -> 不利
A17: =IF(COUNTA(月次入力!A14:E14)>0,月次入力!A14,"") -> BUD-0007 | B17: =IF(COUNTA(月次入力!A14:E14)>0,CLEAN(月次入力!B14),"") -> 予備費 | C17: =IF(COUNTA(月次入力!A14:E14)>0,月次入力!C14,"") -> 費用 | D17: =IF(COUNTA(月次入力!A14:E14)>0,IF($K$3=0,月次入力!D14,NA()),"") -> 0 | E17: =IF(COUNTA(月次入力!A14:E14)>0,IF($K$3=0,月次入力!E14,NA()),"") -> 0 | F17: =IF(COUNTA(月次入力!A14:E14)>0,E17-D17,"") -> 0 | G17: =IF(COUNTA(月次入力!A14:E14)>0,IF($K$3<>0,NA(),IF(D17=0,"対象外",F17/D17)),"") -> 対象外 | H17: =IF(COUNTA(月次入力!A14:E14)>0,IF($K$3<>0,NA(),IF(C17="収益",F17,-F17)),"") -> 0 | I17: =IF(COUNTA(月次入力!A14:E14)>0,IF(H17>0,"有利",IF(H17<0,"不利","一致")),"") -> 一致
A18: =IF(COUNTA(月次入力!A15:E15)>0,月次入力!A15,"") | B18: =IF(COUNTA(月次入力!A15:E15)>0,CLEAN(月次入力!B15),"") | C18: =IF(COUNTA(月次入力!A15:E15)>0,月次入力!C15,"") | D18: =IF(COUNTA(月次入力!A15:E15)>0,IF($K$3=0,月次入力!D15,NA()),"") | E18: =IF(COUNTA(月次入力!A15:E15)>0,IF($K$3=0,月次入力!E15,NA()),"") | F18: =IF(COUNTA(月次入力!A15:E15)>0,E18-D18,"") | G18: =IF(COUNTA(月次入力!A15:E15)>0,IF($K$3<>0,NA(),IF(D18=0,"対象外",F18/D18)),"") | H18: =IF(COUNTA(月次入力!A15:E15)>0,IF($K$3<>0,NA(),IF(C18="収益",F18,-F18)),"") | I18: =IF(COUNTA(月次入力!A15:E15)>0,IF(H18>0,"有利",IF(H18<0,"不利","一致")),"")
A19: =IF(COUNTA(月次入力!A16:E16)>0,月次入力!A16,"") | B19: =IF(COUNTA(月次入力!A16:E16)>0,CLEAN(月次入力!B16),"") | C19: =IF(COUNTA(月次入力!A16:E16)>0,月次入力!C16,"") | D19: =IF(COUNTA(月次入力!A16:E16)>0,IF($K$3=0,月次入力!D16,NA()),"") | E19: =IF(COUNTA(月次入力!A16:E16)>0,IF($K$3=0,月次入力!E16,NA()),"") | F19: =IF(COUNTA(月次入力!A16:E16)>0,E19-D19,"") | G19: =IF(COUNTA(月次入力!A16:E16)>0,IF($K$3<>0,NA(),IF(D19=0,"対象外",F19/D19)),"") | H19: =IF(COUNTA(月次入力!A16:E16)>0,IF($K$3<>0,NA(),IF(C19="収益",F19,-F19)),"") | I19: =IF(COUNTA(月次入力!A16:E16)>0,IF(H19>0,"有利",IF(H19<0,"不利","一致")),"")
A20: =IF(COUNTA(月次入力!A17:E17)>0,月次入力!A17,"") | B20: =IF(COUNTA(月次入力!A17:E17)>0,CLEAN(月次入力!B17),"") | C20: =IF(COUNTA(月次入力!A17:E17)>0,月次入力!C17,"") | D20: =IF(COUNTA(月次入力!A17:E17)>0,IF($K$3=0,月次入力!D17,NA()),"") | E20: =IF(COUNTA(月次入力!A17:E17)>0,IF($K$3=0,月次入力!E17,NA()),"") | F20: =IF(COUNTA(月次入力!A17:E17)>0,E20-D20,"") | G20: =IF(COUNTA(月次入力!A17:E17)>0,IF($K$3<>0,NA(),IF(D20=0,"対象外",F20/D20)),"") | H20: =IF(COUNTA(月次入力!A17:E17)>0,IF($K$3<>0,NA(),IF(C20="収益",F20,-F20)),"") | I20: =IF(COUNTA(月次入力!A17:E17)>0,IF(H20>0,"有利",IF(H20<0,"不利","一致")),"")
A21: =IF(COUNTA(月次入力!A18:E18)>0,月次入力!A18,"") | B21: =IF(COUNTA(月次入力!A18:E18)>0,CLEAN(月次入力!B18),"") | C21: =IF(COUNTA(月次入力!A18:E18)>0,月次入力!C18,"") | D21: =IF(COUNTA(月次入力!A18:E18)>0,IF($K$3=0,月次入力!D18,NA()),"") | E21: =IF(COUNTA(月次入力!A18:E18)>0,IF($K$3=0,月次入力!E18,NA()),"") | F21: =IF(COUNTA(月次入力!A18:E18)>0,E21-D21,"") | G21: =IF(COUNTA(月次入力!A18:E18)>0,IF($K$3<>0,NA(),IF(D21=0,"対象外",F21/D21)),"") | H21: =IF(COUNTA(月次入力!A18:E18)>0,IF($K$3<>0,NA(),IF(C21="収益",F21,-F21)),"") | I21: =IF(COUNTA(月次入力!A18:E18)>0,IF(H21>0,"有利",IF(H21<0,"不利","一致")),"")
A22: =IF(COUNTA(月次入力!A19:E19)>0,月次入力!A19,"") | B22: =IF(COUNTA(月次入力!A19:E19)>0,CLEAN(月次入力!B19),"") | C22: =IF(COUNTA(月次入力!A19:E19)>0,月次入力!C19,"") | D22: =IF(COUNTA(月次入力!A19:E19)>0,IF($K$3=0,月次入力!D19,NA()),"") | E22: =IF(COUNTA(月次入力!A19:E19)>0,IF($K$3=0,月次入力!E19,NA()),"") | F22: =IF(COUNTA(月次入力!A19:E19)>0,E22-D22,"") | G22: =IF(COUNTA(月次入力!A19:E19)>0,IF($K$3<>0,NA(),IF(D22=0,"対象外",F22/D22)),"") | H22: =IF(COUNTA(月次入力!A19:E19)>0,IF($K$3<>0,NA(),IF(C22="収益",F22,-F22)),"") | I22: =IF(COUNTA(月次入力!A19:E19)>0,IF(H22>0,"有利",IF(H22<0,"不利","一致")),"")
... A60: =IF(COUNTA(月次入力!A57:E57)>0,月次入力!A57,"") | B60: =IF(COUNTA(月次入力!A57:E57)>0,CLEAN(月次入力!B57),"") | C60: =IF(COUNTA(月次入力!A57:E57)>0,月次入力!C57,"") | D60: =IF(COUNTA(月次入力!A57:E57)>0,IF($K$3=0,月次入力!D57,NA()),"") | E60: =IF(COUNTA(月次入力!A57:E57)>0,IF($K$3=0,月次入力!E57,NA()),"") | F60: =IF(COUNTA(月次入力!A57:E57)>0,E60-D60,"") | G60: =IF(COUNTA(月次入力!A57:E57)>0,IF($K$3<>0,NA(),IF(D60=0,"対象外",F60/D60)),"") | H60: =IF(COUNTA(月次入力!A57:E57)>0,IF($K$3<>0,NA(),IF(C60="収益",F60,-F60)),"") | I60: =IF(COUNTA(月次入力!A57:E57)>0,IF(H60>0,"有利",IF(H60<0,"不利","一致")),"")

Sheet 月次入力
A2: 月次の比較元データ
A3: 対象月（月初日） | B3: 46296
A4: 同じ月・組織・税込/税抜などの基準をそろえた円整数を入力します。
A5: 科目名は改行せず入力。Calcでは段落区切りを式で検出できない場合があります。
A7: 科目ID | B7: 科目（20文字） | C7: 区分 | D7: 予算（円） | E7: 実績（円） | F7: 入力の確認 | G7: 前提不備
A8: BUD-0001 | B8: 売上高 | C8: 収益 | D8: 1000000 | E8: 1100000 | F8: =IF(COUNTA(A8:E8)=0,"",IF(NOT(AND(ISTEXT(A8),LEN(A8)=8,EXACT(LEFT(A8,4),"BUD-"),ISNUMBER(FIND(MID(A8,5,1)&"x","0x1x2x3x4x5x6x7x8x9x")),ISNUMBER(FIND(MID(A8,6,1)&"x","0x1x2x3x4x5x6x7x8x9x")),ISNUMBER(FIND(MID(A8,7,1)&"x","0x1x2x3x4x5x6x7x8x9x")),ISNUMBER(FIND(MID(A8,8,1)&"x","0x1x2x3x4x5x6x7x8x9x")))),"IDはBUD-と半角数字4桁",IF(COUNTIFS($A$8:$A$57,A8)>1,"科目IDが重複",IF(NOT(AND(ISTEXT(B8),LEN(TRIM(B8))>0,LEN(B8)<=20,EXACT(CLEAN(B8),B8))),"科目は改行なし20文字以内",IF(NOT(OR(C8="収益",C8="費用")),"区分を選択",IF(NOT(AND(ISNUMBER(D8),D8>=0,D8<=1000000000,D8=INT(D8))),"予算を確認（空欄不可）",IF(NOT(AND(ISNUMBER(E8),E8>=0,E8<=1000000000,E8=INT(E8))),"実績を確認（空欄不可）","確認済み"))))))) -> 確認済み | G8: =IF(F8="","",IF(F8="確認済み",0,1)) -> 0
A9: BUD-0002 | B9: その他収益 | C9: 収益 | D9: 0 | E9: 20000 | F9: =IF(COUNTA(A9:E9)=0,"",IF(NOT(AND(ISTEXT(A9),LEN(A9)=8,EXACT(LEFT(A9,4),"BUD-"),ISNUMBER(FIND(MID(A9,5,1)&"x","0x1x2x3x4x5x6x7x8x9x")),ISNUMBER(FIND(MID(A9,6,1)&"x","0x1x2x3x4x5x6x7x8x9x")),ISNUMBER(FIND(MID(A9,7,1)&"x","0x1x2x3x4x5x6x7x8x9x")),ISNUMBER(FIND(MID(A9,8,1)&"x","0x1x2x3x4x5x6x7x8x9x")))),"IDはBUD-と半角数字4桁",IF(COUNTIFS($A$8:$A$57,A9)>1,"科目IDが重複",IF(NOT(AND(ISTEXT(B9),LEN(TRIM(B9))>0,LEN(B9)<=20,EXACT(CLEAN(B9),B9))),"科目は改行なし20文字以内",IF(NOT(OR(C9="収益",C9="費用")),"区分を選択",IF(NOT(AND(ISNUMBER(D9),D9>=0,D9<=1000000000,D9=INT(D9))),"予算を確認（空欄不可）",IF(NOT(AND(ISNUMBER(E9),E9>=0,E9<=1000000000,E9=INT(E9))),"実績を確認（空欄不可）","確認済み"))))))) -> 確認済み | G9: =IF(F9="","",IF(F9="確認済み",0,1)) -> 0
A10: BUD-0003 | B10: 人件費 | C10: 費用 | D10: 600000 | E10: 610000 | F10: =IF(COUNTA(A10:E10)=0,"",IF(NOT(AND(ISTEXT(A10),LEN(A10)=8,EXACT(LEFT(A10,4),"BUD-"),ISNUMBER(FIND(MID(A10,5,1)&"x","0x1x2x3x4x5x6x7x8x9x")),ISNUMBER(FIND(MID(A10,6,1)&"x","0x1x2x3x4x5x6x7x8x9x")),ISNUMBER(FIND(MID(A10,7,1)&"x","0x1x2x3x4x5x6x7x8x9x")),ISNUMBER(FIND(MID(A10,8,1)&"x","0x1x2x3x4x5x6x7x8x9x")))),"IDはBUD-と半角数字4桁",IF(COUNTIFS($A$8:$A$57,A10)>1,"科目IDが重複",IF(NOT(AND(ISTEXT(B10),LEN(TRIM(B10))>0,LEN(B10)<=20,EXACT(CLEAN(B10),B10))),"科目は改行なし20文字以内",IF(NOT(OR(C10="収益",C10="費用")),"区分を選択",IF(NOT(AND(ISNUMBER(D10),D10>=0,D10<=1000000000,D10=INT(D10))),"予算を確認（空欄不可）",IF(NOT(AND(ISNUMBER(E10),E10>=0,E10<=1000000000,E10=INT(E10))),"実績を確認（空欄不可）","確認済み"))))))) -> 確認済み | G10: =IF(F10="","",IF(F10="確認済み",0,1)) -> 0
A11: BUD-0004 | B11: 地代家賃 | C11: 費用 | D11: 150000 | E11: 150000 | F11: =IF(COUNTA(A11:E11)=0,"",IF(NOT(AND(ISTEXT(A11),LEN(A11)=8,EXACT(LEFT(A11,4),"BUD-"),ISNUMBER(FIND(MID(A11,5,1)&"x","0x1x2x3x4x5x6x7x8x9x")),ISNUMBER(FIND(MID(A11,6,1)&"x","0x1x2x3x4x5x6x7x8x9x")),ISNUMBER(FIND(MID(A11,7,1)&"x","0x1x2x3x4x5x6x7x8x9x")),ISNUMBER(FIND(MID(A11,8,1)&"x","0x1x2x3x4x5x6x7x8x9x")))),"IDはBUD-と半角数字4桁",IF(COUNTIFS($A$8:$A$57,A11)>1,"科目IDが重複",IF(NOT(AND(ISTEXT(B11),LEN(TRIM(B11))>0,LEN(B11)<=20,EXACT(CLEAN(B11),B11))),"科目は改行なし20文字以内",IF(NOT(OR(C11="収益",C11="費用")),"区分を選択",IF(NOT(AND(ISNUMBER(D11),D11>=0,D11<=1000000000,D11=INT(D11))),"予算を確認（空欄不可）",IF(NOT(AND(ISNUMBER(E11),E11>=0,E11<=1000000000,E11=INT(E11))),"実績を確認（空欄不可）","確認済み"))))))) -> 確認済み | G11: =IF(F11="","",IF(F11="確認済み",0,1)) -> 0
A12: BUD-0005 | B12: 広告宣伝費 | C12: 費用 | D12: 100000 | E12: 80000 | F12: =IF(COUNTA(A12:E12)=0,"",IF(NOT(AND(ISTEXT(A12),LEN(A12)=8,EXACT(LEFT(A12,4),"BUD-"),ISNUMBER(FIND(MID(A12,5,1)&"x","0x1x2x3x4x5x6x7x8x9x")),ISNUMBER(FIND(MID(A12,6,1)&"x","0x1x2x3x4x5x6x7x8x9x")),ISNUMBER(FIND(MID(A12,7,1)&"x","0x1x2x3x4x5x6x7x8x9x")),ISNUMBER(FIND(MID(A12,8,1)&"x","0x1x2x3x4x5x6x7x8x9x")))),"IDはBUD-と半角数字4桁",IF(COUNTIFS($A$8:$A$57,A12)>1,"科目IDが重複",IF(NOT(AND(ISTEXT(B12),LEN(TRIM(B12))>0,LEN(B12)<=20,EXACT(CLEAN(B12),B12))),"科目は改行なし20文字以内",IF(NOT(OR(C12="収益",C12="費用")),"区分を選択",IF(NOT(AND(ISNUMBER(D12),D12>=0,D12<=1000000000,D12=INT(D12))),"予算を確認（空欄不可）",IF(NOT(AND(ISNUMBER(E12),E12>=0,E12<=1000000000,E12=INT(E12))),"実績を確認（空欄不可）","確認済み"))))))) -> 確認済み | G12: =IF(F12="","",IF(F12="確認済み",0,1)) -> 0
A13: BUD-0006 | B13: 通信費 | C13: 費用 | D13: 20000 | E13: 25000 | F13: =IF(COUNTA(A13:E13)=0,"",IF(NOT(AND(ISTEXT(A13),LEN(A13)=8,EXACT(LEFT(A13,4),"BUD-"),ISNUMBER(FIND(MID(A13,5,1)&"x","0x1x2x3x4x5x6x7x8x9x")),ISNUMBER(FIND(MID(A13,6,1)&"x","0x1x2x3x4x5x6x7x8x9x")),ISNUMBER(FIND(MID(A13,7,1)&"x","0x1x2x3x4x5x6x7x8x9x")),ISNUMBER(FIND(MID(A13,8,1)&"x","0x1x2x3x4x5x6x7x8x9x")))),"IDはBUD-と半角数字4桁",IF(COUNTIFS($A$8:$A$57,A13)>1,"科目IDが重複",IF(NOT(AND(ISTEXT(B13),LEN(TRIM(B13))>0,LEN(B13)<=20,EXACT(CLEAN(B13),B13))),"科目は改行なし20文字以内",IF(NOT(OR(C13="収益",C13="費用")),"区分を選択",IF(NOT(AND(ISNUMBER(D13),D13>=0,D13<=1000000000,D13=INT(D13))),"予算を確認（空欄不可）",IF(NOT(AND(ISNUMBER(E13),E13>=0,E13<=1000000000,E13=INT(E13))),"実績を確認（空欄不可）","確認済み"))))))) -> 確認済み | G13: =IF(F13="","",IF(F13="確認済み",0,1)) -> 0
A14: BUD-0007 | B14: 予備費 | C14: 費用 | D14: 0 | E14: 0 | F14: =IF(COUNTA(A14:E14)=0,"",IF(NOT(AND(ISTEXT(A14),LEN(A14)=8,EXACT(LEFT(A14,4),"BUD-"),ISNUMBER(FIND(MID(A14,5,1)&"x","0x1x2x3x4x5x6x7x8x9x")),ISNUMBER(FIND(MID(A14,6,1)&"x","0x1x2x3x4x5x6x7x8x9x")),ISNUMBER(FIND(MID(A14,7,1)&"x","0x1x2x3x4x5x6x7x8x9x")),ISNUMBER(FIND(MID(A14,8,1)&"x","0x1x2x3x4x5x6x7x8x9x")))),"IDはBUD-と半角数字4桁",IF(COUNTIFS($A$8:$A$57,A14)>1,"科目IDが重複",IF(NOT(AND(ISTEXT(B14),LEN(TRIM(B14))>0,LEN(B14)<=20,EXACT(CLEAN(B14),B14))),"科目は改行なし20文字以内",IF(NOT(OR(C14="収益",C14="費用")),"区分を選択",IF(NOT(AND(ISNUMBER(D14),D14>=0,D14<=1000000000,D14=INT(D14))),"予算を確認（空欄不可）",IF(NOT(AND(ISNUMBER(E14),E14>=0,E14<=1000000000,E14=INT(E14))),"実績を確認（空欄不可）","確認済み"))))))) -> 確認済み | G14: =IF(F14="","",IF(F14="確認済み",0,1)) -> 0
F15: =IF(COUNTA(A15:E15)=0,"",IF(NOT(AND(ISTEXT(A15),LEN(A15)=8,EXACT(LEFT(A15,4),"BUD-"),ISNUMBER(FIND(MID(A15,5,1)&"x","0x1x2x3x4x5x6x7x8x9x")),ISNUMBER(FIND(MID(A15,6,1)&"x","0x1x2x3x4x5x6x7x8x9x")),ISNUMBER(FIND(MID(A15,7,1)&"x","0x1x2x3x4x5x6x7x8x9x")),ISNUMBER(FIND(MID(A15,8,1)&"x","0x1x2x3x4x5x6x7x8x9x")))),"IDはBUD-と半角数字4桁",IF(COUNTIFS($A$8:$A$57,A15)>1,"科目IDが重複",IF(NOT(AND(ISTEXT(B15),LEN(TRIM(B15))>0,LEN(B15)<=20,EXACT(CLEAN(B15),B15))),"科目は改行なし20文字以内",IF(NOT(OR(C15="収益",C15="費用")),"区分を選択",IF(NOT(AND(ISNUMBER(D15),D15>=0,D15<=1000000000,D15=INT(D15))),"予算を確認（空欄不可）",IF(NOT(AND(ISNUMBER(E15),E15>=0,E15<=1000000000,E15=INT(E15))),"実績を確認（空欄不可）","確認済み"))))))) | G15: =IF(F15="","",IF(F15="確認済み",0,1))
F16: =IF(COUNTA(A16:E16)=0,"",IF(NOT(AND(ISTEXT(A16),LEN(A16)=8,EXACT(LEFT(A16,4),"BUD-"),ISNUMBER(FIND(MID(A16,5,1)&"x","0x1x2x3x4x5x6x7x8x9x")),ISNUMBER(FIND(MID(A16,6,1)&"x","0x1x2x3x4x5x6x7x8x9x")),ISNUMBER(FIND(MID(A16,7,1)&"x","0x1x2x3x4x5x6x7x8x9x")),ISNUMBER(FIND(MID(A16,8,1)&"x","0x1x2x3x4x5x6x7x8x9x")))),"IDはBUD-と半角数字4桁",IF(COUNTIFS($A$8:$A$57,A16)>1,"科目IDが重複",IF(NOT(AND(ISTEXT(B16),LEN(TRIM(B16))>0,LEN(B16)<=20,EXACT(CLEAN(B16),B16))),"科目は改行なし20文字以内",IF(NOT(OR(C16="収益",C16="費用")),"区分を選択",IF(NOT(AND(ISNUMBER(D16),D16>=0,D16<=1000000000,D16=INT(D16))),"予算を確認（空欄不可）",IF(NOT(AND(ISNUMBER(E16),E16>=0,E16<=1000000000,E16=INT(E16))),"実績を確認（空欄不可）","確認済み"))))))) | G16: =IF(F16="","",IF(F16="確認済み",0,1))
F17: =IF(COUNTA(A17:E17)=0,"",IF(NOT(AND(ISTEXT(A17),LEN(A17)=8,EXACT(LEFT(A17,4),"BUD-"),ISNUMBER(FIND(MID(A17,5,1)&"x","0x1x2x3x4x5x6x7x8x9x")),ISNUMBER(FIND(MID(A17,6,1)&"x","0x1x2x3x4x5x6x7x8x9x")),ISNUMBER(FIND(MID(A17,7,1)&"x","0x1x2x3x4x5x6x7x8x9x")),ISNUMBER(FIND(MID(A17,8,1)&"x","0x1x2x3x4x5x6x7x8x9x")))),"IDはBUD-と半角数字4桁",IF(COUNTIFS($A$8:$A$57,A17)>1,"科目IDが重複",IF(NOT(AND(ISTEXT(B17),LEN(TRIM(B17))>0,LEN(B17)<=20,EXACT(CLEAN(B17),B17))),"科目は改行なし20文字以内",IF(NOT(OR(C17="収益",C17="費用")),"区分を選択",IF(NOT(AND(ISNUMBER(D17),D17>=0,D17<=1000000000,D17=INT(D17))),"予算を確認（空欄不可）",IF(NOT(AND(ISNUMBER(E17),E17>=0,E17<=1000000000,E17=INT(E17))),"実績を確認（空欄不可）","確認済み"))))))) | G17: =IF(F17="","",IF(F17="確認済み",0,1))
F18: =IF(COUNTA(A18:E18)=0,"",IF(NOT(AND(ISTEXT(A18),LEN(A18)=8,EXACT(LEFT(A18,4),"BUD-"),ISNUMBER(FIND(MID(A18,5,1)&"x","0x1x2x3x4x5x6x7x8x9x")),ISNUMBER(FIND(MID(A18,6,1)&"x","0x1x2x3x4x5x6x7x8x9x")),ISNUMBER(FIND(MID(A18,7,1)&"x","0x1x2x3x4x5x6x7x8x9x")),ISNUMBER(FIND(MID(A18,8,1)&"x","0x1x2x3x4x5x6x7x8x9x")))),"IDはBUD-と半角数字4桁",IF(COUNTIFS($A$8:$A$57,A18)>1,"科目IDが重複",IF(NOT(AND(ISTEXT(B18),LEN(TRIM(B18))>0,LEN(B18)<=20,EXACT(CLEAN(B18),B18))),"科目は改行なし20文字以内",IF(NOT(OR(C18="収益",C18="費用")),"区分を選択",IF(NOT(AND(ISNUMBER(D18),D18>=0,D18<=1000000000,D18=INT(D18))),"予算を確認（空欄不可）",IF(NOT(AND(ISNUMBER(E18),E18>=0,E18<=1000000000,E18=INT(E18))),"実績を確認（空欄不可）","確認済み"))))))) | G18: =IF(F18="","",IF(F18="確認済み",0,1))
F19: =IF(COUNTA(A19:E19)=0,"",IF(NOT(AND(ISTEXT(A19),LEN(A19)=8,EXACT(LEFT(A19,4),"BUD-"),ISNUMBER(FIND(MID(A19,5,1)&"x","0x1x2x3x4x5x6x7x8x9x")),ISNUMBER(FIND(MID(A19,6,1)&"x","0x1x2x3x4x5x6x7x8x9x")),ISNUMBER(FIND(MID(A19,7,1)&"x","0x1x2x3x4x5x6x7x8x9x")),ISNUMBER(FIND(MID(A19,8,1)&"x","0x1x2x3x4x5x6x7x8x9x")))),"IDはBUD-と半角数字4桁",IF(COUNTIFS($A$8:$A$57,A19)>1,"科目IDが重複",IF(NOT(AND(ISTEXT(B19),LEN(TRIM(B19))>0,LEN(B19)<=20,EXACT(CLEAN(B19),B19))),"科目は改行なし20文字以内",IF(NOT(OR(C19="収益",C19="費用")),"区分を選択",IF(NOT(AND(ISNUMBER(D19),D19>=0,D19<=1000000000,D19=INT(D19))),"予算を確認（空欄不可）",IF(NOT(AND(ISNUMBER(E19),E19>=0,E19<=1000000000,E19=INT(E19))),"実績を確認（空欄不可）","確認済み"))))))) | G19: =IF(F19="","",IF(F19="確認済み",0,1))
F20: =IF(COUNTA(A20:E20)=0,"",IF(NOT(AND(ISTEXT(A20),LEN(A20)=8,EXACT(LEFT(A20,4),"BUD-"),ISNUMBER(FIND(MID(A20,5,1)&"x","0x1x2x3x4x5x6x7x8x9x")),ISNUMBER(FIND(MID(A20,6,1)&"x","0x1x2x3x4x5x6x7x8x9x")),ISNUMBER(FIND(MID(A20,7,1)&"x","0x1x2x3x4x5x6x7x8x9x")),ISNUMBER(FIND(MID(A20,8,1)&"x","0x1x2x3x4x5x6x7x8x9x")))),"IDはBUD-と半角数字4桁",IF(COUNTIFS($A$8:$A$57,A20)>1,"科目IDが重複",IF(NOT(AND(ISTEXT(B20),LEN(TRIM(B20))>0,LEN(B20)<=20,EXACT(CLEAN(B20),B20))),"科目は改行なし20文字以内",IF(NOT(OR(C20="収益",C20="費用")),"区分を選択",IF(NOT(AND(ISNUMBER(D20),D20>=0,D20<=1000000000,D20=INT(D20))),"予算を確認（空欄不可）",IF(NOT(AND(ISNUMBER(E20),E20>=0,E20<=1000000000,E20=INT(E20))),"実績を確認（空欄不可）","確認済み"))))))) | G20: =IF(F20="","",IF(F20="確認済み",0,1))
F21: =IF(COUNTA(A21:E21)=0,"",IF(NOT(AND(ISTEXT(A21),LEN(A21)=8,EXACT(LEFT(A21,4),"BUD-"),ISNUMBER(FIND(MID(A21,5,1)&"x","0x1x2x3x4x5x6x7x8x9x")),ISNUMBER(FIND(MID(A21,6,1)&"x","0x1x2x3x4x5x6x7x8x9x")),ISNUMBER(FIND(MID(A21,7,1)&"x","0x1x2x3x4x5x6x7x8x9x")),ISNUMBER(FIND(MID(A21,8,1)&"x","0x1x2x3x4x5x6x7x8x9x")))),"IDはBUD-と半角数字4桁",IF(COUNTIFS($A$8:$A$57,A21)>1,"科目IDが重複",IF(NOT(AND(ISTEXT(B21),LEN(TRIM(B21))>0,LEN(B21)<=20,EXACT(CLEAN(B21),B21))),"科目は改行なし20文字以内",IF(NOT(OR(C21="収益",C21="費用")),"区分を選択",IF(NOT(AND(ISNUMBER(D21),D21>=0,D21<=1000000000,D21=INT(D21))),"予算を確認（空欄不可）",IF(NOT(AND(ISNUMBER(E21),E21>=0,E21<=1000000000,E21=INT(E21))),"実績を確認（空欄不可）","確認済み"))))))) | G21: =IF(F21="","",IF(F21="確認済み",0,1))
F22: =IF(COUNTA(A22:E22)=0,"",IF(NOT(AND(ISTEXT(A22),LEN(A22)=8,EXACT(LEFT(A22,4),"BUD-"),ISNUMBER(FIND(MID(A22,5,1)&"x","0x1x2x3x4x5x6x7x8x9x")),ISNUMBER(FIND(MID(A22,6,1)&"x","0x1x2x3x4x5x6x7x8x9x")),ISNUMBER(FIND(MID(A22,7,1)&"x","0x1x2x3x4x5x6x7x8x9x")),ISNUMBER(FIND(MID(A22,8,1)&"x","0x1x2x3x4x5x6x7x8x9x")))),"IDはBUD-と半角数字4桁",IF(COUNTIFS($A$8:$A$57,A22)>1,"科目IDが重複",IF(NOT(AND(ISTEXT(B22),LEN(TRIM(B22))>0,LEN(B22)<=20,EXACT(CLEAN(B22),B22))),"科目は改行なし20文字以内",IF(NOT(OR(C22="収益",C22="費用")),"区分を選択",IF(NOT(AND(ISNUMBER(D22),D22>=0,D22<=1000000000,D22=INT(D22))),"予算を確認（空欄不可）",IF(NOT(AND(ISNUMBER(E22),E22>=0,E22<=1000000000,E22=INT(E22))),"実績を確認（空欄不可）","確認済み"))))))) | G22: =IF(F22="","",IF(F22="確認済み",0,1))
F23: =IF(COUNTA(A23:E23)=0,"",IF(NOT(AND(ISTEXT(A23),LEN(A23)=8,EXACT(LEFT(A23,4),"BUD-"),ISNUMBER(FIND(MID(A23,5,1)&"x","0x1x2x3x4x5x6x7x8x9x")),ISNUMBER(FIND(MID(A23,6,1)&"x","0x1x2x3x4x5x6x7x8x9x")),ISNUMBER(FIND(MID(A23,7,1)&"x","0x1x2x3x4x5x6x7x8x9x")),ISNUMBER(FIND(MID(A23,8,1)&"x","0x1x2x3x4x5x6x7x8x9x")))),"IDはBUD-と半角数字4桁",IF(COUNTIFS($A$8:$A$57,A23)>1,"科目IDが重複",IF(NOT(AND(ISTEXT(B23),LEN(TRIM(B23))>0,LEN(B23)<=20,EXACT(CLEAN(B23),B23))),"科目は改行なし20文字以内",IF(NOT(OR(C23="収益",C23="費用")),"区分を選択",IF(NOT(AND(ISNUMBER(D23),D23>=0,D23<=1000000000,D23=INT(D23))),"予算を確認（空欄不可）",IF(NOT(AND(ISNUMBER(E23),E23>=0,E23<=1000000000,E23=INT(E23))),"実績を確認（空欄不可）","確認済み"))))))) | G23: =IF(F23="","",IF(F23="確認済み",0,1))
F24: =IF(COUNTA(A24:E24)=0,"",IF(NOT(AND(ISTEXT(A24),LEN(A24)=8,EXACT(LEFT(A24,4),"BUD-"),ISNUMBER(FIND(MID(A24,5,1)&"x","0x1x2x3x4x5x6x7x8x9x")),ISNUMBER(FIND(MID(A24,6,1)&"x","0x1x2x3x4x5x6x7x8x9x")),ISNUMBER(FIND(MID(A24,7,1)&"x","0x1x2x3x4x5x6x7x8x9x")),ISNUMBER(FIND(MID(A24,8,1)&"x","0x1x2x3x4x5x6x7x8x9x")))),"IDはBUD-と半角数字4桁",IF(COUNTIFS($A$8:$A$57,A24)>1,"科目IDが重複",IF(NOT(AND(ISTEXT(B24),LEN(TRIM(B24))>0,LEN(B24)<=20,EXACT(CLEAN(B24),B24))),"科目は改行なし20文字以内",IF(NOT(OR(C24="収益",C24="費用")),"区分を選択",IF(NOT(AND(ISNUMBER(D24),D24>=0,D24<=1000000000,D24=INT(D24))),"予算を確認（空欄不可）",IF(NOT(AND(ISNUMBER(E24),E24>=0,E24<=1000000000,E24=INT(E24))),"実績を確認（空欄不可）","確認済み"))))))) | G24: =IF(F24="","",IF(F24="確認済み",0,1))
F25: =IF(COUNTA(A25:E25)=0,"",IF(NOT(AND(ISTEXT(A25),LEN(A25)=8,EXACT(LEFT(A25,4),"BUD-"),ISNUMBER(FIND(MID(A25,5,1)&"x","0x1x2x3x4x5x6x7x8x9x")),ISNUMBER(FIND(MID(A25,6,1)&"x","0x1x2x3x4x5x6x7x8x9x")),ISNUMBER(FIND(MID(A25,7,1)&"x","0x1x2x3x4x5x6x7x8x9x")),ISNUMBER(FIND(MID(A25,8,1)&"x","0x1x2x3x4x5x6x7x8x9x")))),"IDはBUD-と半角数字4桁",IF(COUNTIFS($A$8:$A$57,A25)>1,"科目IDが重複",IF(NOT(AND(ISTEXT(B25),LEN(TRIM(B25))>0,LEN(B25)<=20,EXACT(CLEAN(B25),B25))),"科目は改行なし20文字以内",IF(NOT(OR(C25="収益",C25="費用")),"区分を選択",IF(NOT(AND(ISNUMBER(D25),D25>=0,D25<=1000000000,D25=INT(D25))),"予算を確認（空欄不可）",IF(NOT(AND(ISNUMBER(E25),E25>=0,E25<=1000000000,E25=INT(E25))),"実績を確認（空欄不可）","確認済み"))))))) | G25: =IF(F25="","",IF(F25="確認済み",0,1))
F26: =IF(COUNTA(A26:E26)=0,"",IF(NOT(AND(ISTEXT(A26),LEN(A26)=8,EXACT(LEFT(A26,4),"BUD-"),ISNUMBER(FIND(MID(A26,5,1)&"x","0x1x2x3x4x5x6x7x8x9x")),ISNUMBER(FIND(MID(A26,6,1)&"x","0x1x2x3x4x5x6x7x8x9x")),ISNUMBER(FIND(MID(A26,7,1)&"x","0x1x2x3x4x5x6x7x8x9x")),ISNUMBER(FIND(MID(A26,8,1)&"x","0x1x2x3x4x5x6x7x8x9x")))),"IDはBUD-と半角数字4桁",IF(COUNTIFS($A$8:$A$57,A26)>1,"科目IDが重複",IF(NOT(AND(ISTEXT(B26),LEN(TRIM(B26))>0,LEN(B26)<=20,EXACT(CLEAN(B26),B26))),"科目は改行なし20文字以内",IF(NOT(OR(C26="収益",C26="費用")),"区分を選択",IF(NOT(AND(ISNUMBER(D26),D26>=0,D26<=1000000000,D26=INT(D26))),"予算を確認（空欄不可）",IF(NOT(AND(ISNUMBER(E26),E26>=0,E26<=1000000000,E26=INT(E26))),"実績を確認（空欄不可）","確認済み"))))))) | G26: =IF(F26="","",IF(F26="確認済み",0,1))
... F57: =IF(COUNTA(A57:E57)=0,"",IF(NOT(AND(ISTEXT(A57),LEN(A57)=8,EXACT(LEFT(A57,4),"BUD-"),ISNUMBER(FIND(MID(A57,5,1)&"x","0x1x2x3x4x5x6x7x8x9x")),ISNUMBER(FIND(MID(A57,6,1)&"x","0x1x2x3x4x5x6x7x8x9x")),ISNUMBER(FIND(MID(A57,7,1)&"x","0x1x2x3x4x5x6x7x8x9x")),ISNUMBER(FIND(MID(A57,8,1)&"x","0x1x2x3x4x5x6x7x8x9x")))),"IDはBUD-と半角数字4桁",IF(COUNTIFS($A$8:$A$57,A57)>1,"科目IDが重複",IF(NOT(AND(ISTEXT(B57),LEN(TRIM(B57))>0,LEN(B57)<=20,EXACT(CLEAN(B57),B57))),"科目は改行なし20文字以内",IF(NOT(OR(C57="収益",C57="費用")),"区分を選択",IF(NOT(AND(ISNUMBER(D57),D57>=0,D57<=1000000000,D57=INT(D57))),"予算を確認（空欄不可）",IF(NOT(AND(ISNUMBER(E57),E57>=0,E57<=1000000000,E57=INT(E57))),"実績を確認（空欄不可）","確認済み"))))))) | G57: =IF(F57="","",IF(F57="確認済み",0,1))
A60: 架空データ。1か月・1組織・50科目。黄色の月初日/科目ID/科目/区分/予算/実績へ入力。
A61: 同じ会計・税込/税抜の基準で比較。売上と入金は混ぜず、元資料を別に保存します。
A62: 0円は有効。予算/実績の空欄、科目重複、不明区分なら集計を止めます。
A63: 差額＝実績−予算。有利・不利差額は収益なら差額、費用なら差額の符号を逆にします。
A64: 差異率＝差額/予算。予算0なら対象外。表示は小数1桁、保存値は丸めません。
A65: 負数は括弧表示。有利/不利は金額だけの比較で、支出の妥当性や業績全体の評価ではありません。
A66: 返金/赤伝/外貨/複数月/予測/税計算/会計ソフト連携は対象外。マクロ・外部接続なし。
A67: 印刷は予実比較のみ。初期A1:I17、50科目ならA1:I60へ手動拡張。A4横・10行目繰返し。
A68: 版1 / CC0 1.0。https://creativecommons.org/publicdomain/zero/1.0/
A69: 一次情報確認2026-10-15。https://support.microsoft.com/en-us/excel/functions/sumifs-function
